 Dungeon Crawl Stone Soup version 0.31-a0-233-g139696dc86 (webtiles) character file.

Game seed: 169253131206533105

123 qw the Shooter (level 5, -5/30 HPs)
             Began as a Gargoyle Hexslinger on July 7, 2023.
             Slain by an iguana (12 damage)
             ... on level 4 of the Dungeon.
             The game lasted 00:00:52 (2236 turns).

qw the Shooter (Gargoyle Hexslinger)                Turns: 2236, Time: 00:00:52

Health: -5/30      AC:  7    Str: 12    XL:     5   Next: 7%
Magic:  5/5        EV: 11    Int: 13    God:
Gold:   175        SH:  0    Dex: 14    Spells: 5/6 levels left

rFire   . . .        Y - +1 sling
rCold   + . .        (no shield)
rNeg    + . .        i - +0 leather armour
rPois   inf          (no helmet)
rElec   +            (no cloak)
rCorr   .            (no gloves)
SInv    .            (no boots)
Will    .....        (no amulet)
Stlth   +            d - ring of protection from cold
HPRegen 0.25/turn    (no ring)
MPRegen 0.09/turn

%: no passive effects
@: no status effects
A: sickness immunity, AC +4, negative energy resistance 1, electricity
resistance, torment resistance 1, petrification resistance, low MP 2, mutation
resistance 1
a: no special abilities


You were on level 4 of the Dungeon.
You visited 1 branch of the dungeon, and saw 4 of its levels.

You collected 175 gold pieces.


Innate Abilities, Weirdness & Mutations

You are immune to sickness and miasma.
Your stone body is resilient. (AC +4)
You are immune to poison.
You resist negative energy. (rN+)
You are resistant to electric shocks. (rElec)
You are resistant to unholy torment.
You are immune to petrification.
Your magical capacity is very low. (-20% MP)
You are somewhat resistant to further mutation.


   Skills:
 - Level 2.0 Fighting
 + Level 4.8 Ranged Weapons
 - Level 1.5 Dodging
 - Level 1.0 Spellcasting
 - Level 2.6 Hexes


You had 5 spell levels left.
You knew the following spells:

 Your Spells              Type           Power      Damage    Failure   Level
a - Slow                  Hex            28%        N/A       12%         1

Your spell library contained the following spells:

 Spells                   Type           Power      Damage    Failure   Level
 Inner Flame              Hex/Fire       4%         N/A       52%         3
 Portal Projectile        Hex/Tloc       8%         N/A       52%         3
 Cause Fear               Hex            3%         N/A       75%         4

Inventory:

Hand Weapons
 Y - a +1 sling (weapon)
Armour
 i - a +0 leather armour (worn)
Jewellery
 d - a ring of protection from cold (left hand)
Scrolls
 j - 2 scrolls of teleportation
Potions
 a - a potion of attraction {unknown}
 b - a potion of brilliance {unknown}
 e - a potion of curing
 f - 3 potions of mutation
 g - a potion of ambrosia {unknown}
 h - a potion of heal wounds {unknown}
 k - a potion of might {unknown}

Dungeon Overview and Level Annotations

Branches:
Dungeon (4/15)
 Temple: D:4-7

Altars:


Message History

You kill the orc!
You shoot a sling bullet.
The sling bullet barely misses the goblin.
The goblin hits you but does no damage.
You shoot a sling bullet.
The sling bullet hits the goblin but does no damage.
The goblin hits you but does no damage.
You shoot a sling bullet. The sling bullet hits the goblin.
The goblin is moderately wounded.
The goblin hits you but does no damage.
You shoot a sling bullet.
The sling bullet barely misses the goblin.
The goblin hits you with a +0 club. The goblin barely misses you.
You shoot a sling bullet.
The sling bullet barely misses the goblin.
The goblin closely misses you.
You shoot a sling bullet. The sling bullet hits the goblin.
You kill the goblin!
You shoot a sling bullet.
The sling bullet closely misses the iguana.
The iguana bites you but does no damage.
You shoot a sling bullet.
The sling bullet barely misses the iguana.
The iguana barely misses you.
You shoot a sling bullet.
The sling bullet closely misses the iguana.
The iguana bites you. x2
You shoot a sling bullet.
The sling bullet hits the iguana but does no damage.
The iguana misses you.
You shoot a sling bullet.
The sling bullet hits the iguana but does no damage.
The iguana completely misses you.
You shoot a sling bullet.
The sling bullet barely misses the iguana.
The iguana closely misses you.
You shoot a sling bullet.
The sling bullet hits the iguana but does no damage.
The iguana bites you! x2
You die...

.# .# ## ##.## ... ....
.... #..# #.#.....#
.....##..#####.#.....###
......l....^.#.#........
#@................
#.#####...........
#.####............
#..........%......
#.................
##.####.....#..... #)#
#####.##.#.. #.#
#.##.#.. #.# ###.##.#..


You could see an iguana.

Vanquished Creatures
  Natasha (D:3)
  3 adders
  2 dart slugs
  2 worms (D:2)
  3 orcs
  3 ball pythons
  4 endoplasms
  2 giant cockroaches
  10 goblins
  6 hobgoblins
  6 jackals
  3 kobolds
  A quokka (D:1)
  6 bats
  A frilled lizard (D:1)
  2 rats
55 creatures vanquished.

Notes
Turn   | Place    | Note
-------+----------+-------------------------------------------
     0 | D:1      | qw the Gargoyle Hexslinger began the quest for the Orb.
     0 | D:1      | Reached XP level 1. HP: 12/12 MP: 2/2
     0 | D:1      | 0 ||| qw: Version: 0.3-a-46-gb1f654a
     0 | D:1      | 0 ||| qw: Game counter: 3078
     0 | D:1      | 0 ||| qw: Melee chars always use a shield: true
     0 | D:1      | 0 ||| qw: God list: Okawaru
     0 | D:1      | 0 ||| qw: Allow faded altars: false
     0 | D:1      | 0 ||| qw: Do Orc after clearing Dungeon:15 true
     0 | D:1      | 0 ||| qw: Do second Lair branch before Depths: true
     0 | D:1      | 0 ||| qw: Lair rune preference: random
     0 | D:1      | 0 ||| qw: Goals: Normal
     0 | D:1      | 0 ||| PLANNING D:1-11
   145 | D:1      | Reached XP level 2. HP: 16/16 MP: 3/3
   561 | D:1      | 561 ||| UPGRADING to ring of protection from cold.
   562 | D:1      | 562 ||| READING scroll labelled AZULUTT GIWNO.
   567 | D:1      | 567 ||| DROPPING scroll of poison.
   595 | D:2      | Reached skill level 3 in Ranged Weapons
   614 | D:2      | Reached XP level 3. HP: 21/21 MP: 4/4
  1114 | D:2      | 1114 ||| READING scroll labelled VUCIHU MERIRGH.
  1115 | D:2      | 1115 ||| READING scroll labelled NAOMIH WACI.
  1116 | D:2      | 1116 ||| DRINKING 2 golden potions.
  1117 | D:2      | 1117 ||| DRINKING 2 black potions.
  1117 | D:2      | Gained mutation: Your magical capacity is low. (-10% MP)
                  | [potion of mutation]
  1117 | D:2      | Gained mutation: Your magical capacity is very low. (-20%
                  | MP) [potion of mutation]
  1117 | D:2      | Gained mutation: You are somewhat resistant to further
                  | mutation. [potion of mutation]
  1244 | D:3      | Reached XP level 4. HP: 26/26 MP: 4/4
  1490 | D:3      | Reached skill level 4 in Ranged Weapons
  1847 | D:3      | Noticed Natasha
  1854 | D:3      | Killed Natasha
  2083 | D:3      | 2083 ||| UPGRADING to +0 leather armour.
  2093 | D:3      | 2093 ||| DROPPING +0 robe.
  2208 | D:4      | Reached XP level 5. HP: 29/30 MP: 5/5
  2236 | D:4      | HP: 7/30 [iguana (9)]
  2236 | D:4      | Slain by an iguana

Levels and vault maps discovered:
D:1:      dpeg_arrival_three_same_balls, layout_basic, minmay_tromino_mix6
D:2:      layout_rooms
D:3:      layout_basic, kennysheep_generic_room_9, uniq_natasha
D:4:      layout_loops_ring, uniq_crazy_yiuf_cottage

Skill      XL: |  1  2  3  4 |
---------------+-------------+-----
Ranged Weapons | 3 4 |  4.8
Fighting       | 2 |  2.0
Dodging        | |  1.5
Spellcasting   | |  1.0
Hexes          | |  2.6

Action                     |  1- 3 |  4- 6 || total
---------------------------+-------+-------++-------
   Fire: Sling             |   129 |    99 ||   228
    Use: Scroll            |     3 |       ||     3
         Potion            |     2 |       ||     2
 Armour: Robe              |    24 |     9 ||    33
         Leather armour    |       |    14 ||    14
  Dodge: Dodged            |    29 |    38 ||    67

Table legend:
 A = Non-vault XP
 B = Vault XP
 C = Vault XP percentage of total XP
 D = Non-vault monster count
 E = Vault monster count
 F = Vault count percentage of total count
                 A         B        C        D         E       F
            +---------+---------+-------+---------+---------+-------
      Total |     136 |      40 |  22.7 |      51 |       4 |   7.3
            +---------+---------+-------+---------+---------+-------
        D:1 |      13 |       3 |  18.8 |       8 |       2 |  20.0
        D:2 |      60 |       0 |   0.0 |      25 |       0 |   0.0
        D:3 |      39 |      37 |  48.7 |      13 |       2 |  13.3
        D:4 |      24 |       0 |   0.0 |       5 |       0 |   0.0
            +---------+---------+-------+---------+---------+-------
